AoeStats
← Promise999

African Clearing

506158461Analyzed
3v3 RM · 19d ago on Sep 12, 2026· 50m 2s· 6 players
Game mode
Random Map
Map size
Normal (6 player)
Population
200
Speed
Normal
Resources
Standard
Victory
Conquest
Starting age
Dark Age
Ending age
Imperial Age
RankedLock teamsTeams togetherTeam positionsShared explorationLock speedFull tech treeHidden civsTurbo modeCheats
Victory
Defeat
🇪🇸 Khmer · Spain
1447
+13
🇪🇸 Ethiopians · Spain
1356
+17
🇵🇹 Hindustanis · Portugal
1318
+18
🇩🇪 Huns · Germany
1481
-20
🇨🇳 Armenians · China
1425
-18
🇩🇪 Cumans · Germany
1209
-10
冰人
9:02 Loom
11:03 Feudal Age
11:48 Double-Bit Axe
12:18 Horse Collar
21:57 Castle Age
20:19 Forging
21:07 Scale Barding Armor
21:15 Bloodlines
22:16 Wheelbarrow
23:25 Husbandry
23:17 Town Watch
23:53 Heavy Plow
24:03 Bow Saw
25:17 Light Cavalry
28:45 Hand Cart
29:13 Chain Barding Armor
30:07 Ballistics
31:08 Gold Mining
31:08 Stone Mining
35:13 Imperial Age
33:59 Iron Casting
35:21 Gold Shaft Mining
35:22 Stone Shaft Mining
36:01 Padded Archer Armor
36:37 Plate Barding Armor
35:24 Heavy Camel Rider
37:05 Chemistry
37:12 Two-Man Saw
38:37 Blast Furnace
37:53 Leather Archer Armor
37:58 Imperial Camel Rider
39:41 Conscription
39:57 Fletching
41:11 Ring Archer Armor
42:36 Grand Trunk Road
46:29 Bodkin Arrow
46:42 Siege Engineers
46:47 Masonry
47:50 Murder Holes
rpallarols
7:25 Loom
13:54 Feudal Age
17:42 Castle Age
16:53 Double-Bit Axe
19:29 Wheelbarrow
24:59 Wheelbarrow
29:24 Town Watch
33:35 Gold Mining
33:38 Stone Mining
33:31 Horse Collar
37:29 Imperial Age
35:52 Ballistics
36:43 Hand Cart
36:28 Town Patrol
37:42 Heavy Scorpion
38:04 Capped Ram
39:58 Chemistry
39:52 Conscription
40:02 Siege Ram
42:00 Double Crossbow
43:14 Gold Shaft Mining
43:17 Stone Shaft Mining
43:39 Scale Barding Armor
43:46 Forging
44:10 Husbandry
44:22 Bloodlines
43:36 Cavalier
45:16 Hoardings
45:55 Chain Barding Armor
46:11 Iron Casting
49:27 Plate Barding Armor
49:54 Blast Furnace
MPW_SCRaTCH
10:25 Loom
12:48 Feudal Age
16:42 Castle Age
22:39 Horse Collar
27:49 Town Watch
32:31 Double-Bit Axe
33:34 Bow Saw
34:40 Fletching
35:42 Wheelbarrow
35:39 Bodkin Arrow
36:55 Hand Cart
36:59 Masonry
38:12 Ballistics
38:25 Stone Mining
38:42 Gold Mining
41:49 Imperial Age
40:53 Stone Shaft Mining
40:53 Gold Shaft Mining
40:55 Heavy Plow
43:30 Chemistry
42:35 Torsion Engines
42:55 Conscription
42:35 Heavy Scorpion
44:48 Scale Mail Armor
45:48 Chain Mail Armor
45:53 Arson
46:09 Squires
48:02 Siege Engineers
49:24 Two-Man Saw
benelix
5:12 Loom
13:52 Feudal Age
25:53 Wheelbarrow
26:11 Double-Bit Axe
27:15 Horse Collar
27:45 Town Watch
36:46 Castle Age
36:27 Bloodlines
37:14 Light Cavalry
41:28 Hand Cart
41:25 Bow Saw
41:20 Heavy Plow
42:48 Fletching
42:59 Padded Archer Armor
44:27 Gold Mining
CherryBEE
10:05 Loom
14:28 Feudal Age
15:08 Double-Bit Axe
17:59 Castle Age
16:12 Fletching
22:39 Bodkin Arrow
30:37 Horse Collar
33:27 Bow Saw
34:53 Wheelbarrow
39:00 Imperial Age
36:47 Padded Archer Armor
37:49 Leather Archer Armor
39:05 Ballistics
39:04 Thumb Ring
39:18 Town Watch
39:42 Bracer
40:04 Husbandry
40:30 Bloodlines
43:45 Chemistry
Promise999
11:32 Loom
13:54 Feudal Age
17:44 Castle Age
16:26 Double-Bit Axe
19:32 Bow Saw
21:46 Fletching
26:37 Wheelbarrow
27:07 Horse Collar
27:16 Pikeman
28:12 Scale Mail Armor
33:49 Imperial Age
31:06 Town Watch
31:53 Bodkin Arrow
32:08 Stone Mining
32:40 Heavy Plow
32:57 Padded Archer Armor
33:18 Ballistics
34:04 Leather Archer Armor
34:56 Conscription
34:47 Gold Mining
36:01 Chemistry
35:43 Bracer
36:39 Ring Archer Armor
35:55 Elite Composite Bowman
37:35 Gold Shaft Mining
37:19 Hand Cart
37:38 Elite Skirmisher
38:16 Capped Ram
40:06 Murder Holes
40:21 Masonry
39:48 Onager
43:14 Siege Ram
44:55 Town Patrol
Connection lost

Rejoining the realm…

Still unreachable

The connection could not be restored.

Session expired

The server has moved on; the page needs a fresh start.